 Dungeon Crawl Stone Soup version 0.30-a0-39-g42789b21ef (webtiles) character file.

Game seed: 1455272681358084037

198475 Pendel the Imperceptible (level 18, -13/96 HPs)
             Began as a Spriggan Enchanter on Aug 28, 2022.
             Was the Champion of Dithmenos.
             Killed from afar by a salamander tyrant (45 damage)
             ... with a flame surge
             ... on level 4 of the Snake Pit on Aug 29, 2022.
             The game lasted 02:11:26 (41017 turns).

Pendel the Imperceptible (Spriggan Enchanter)      Turns: 41017, Time: 02:11:27

Health: -13/96     AC: 22    Str: 12    XL:     18   Next: 21%
Magic:  31/37      EV: 27    Int: 18    God:    Dithmenos [******]
Gold:   2836       SH:  0    Dex: 14    Spells: 40/54 levels left

rFire   . . .      SeeInvis +    a - +8 dagger (venom)
rCold   . . .      Faith    .    (no shield)
rNeg    . . .      Spirit   .    Q - +5 robe of the Dropbear {rCorr Str-2 SInv Stlth+}
rPois   .          Reflect  .    T - +2 hat
rElec   .          Harm     .    j - +2 cloak
rCorr   +          Rampage  .    (gloves unavailable)
Will    +++..                    (boots unavailable) Stlth *******+++
                                 K - amulet of regeneration
HPRegen 1.06/turn                q - +4 ring of protection
MPRegen 0.25/turn                y - +4 ring of protection

@: weakened, wreathed by umbra, very quick
A: very small, no large weapons, unfitting armour, see invisible, speed 3,
iridescent scales 1, low MP 1, strong 1, MP-powered wands
a: Renounce Religion, Shadow Step, Shadow Form


You were on level 4 of the Snake Pit.
You worshipped Dithmenos.
Dithmenos was exalted by your worship.
You visited 8 branches of the dungeon, and saw 33 of its levels.
You visited 1 bazaar.
You also visited: Gauntlet.

You collected 3916 gold pieces.
You spent 1080 gold pieces at shops.

Inventory:

Hand Weapons
 a - a +8 dagger of venom (weapon)
 c - a +1 dagger of draining
 v - a +4 rapier of draining
Missiles
 e - 31 poisoned darts (quivered)
 r - 8 throwing nets
 x - 15 curare-tipped darts
Armour
 j - a +2 cloak (worn)
 o - a scarf of invisibility
 P - the +1 hat of Whack-A-Mole {rElec Str+2 Dex-5 SInv}
   (You found it in a Gauntlet)

   Str:       It affects your strength (+2).
   Dex:       It affects your dexterity (-5).
   rElec:     It insulates you from electricity.
   SInv:      It lets you see invisible.
 Q - the +5 robe of the Dropbear (worn) {rCorr Str-2 SInv Stlth+}
   (You took it off a minotaur in a Gauntlet)

   Str:       It affects your strength (-2).
   SInv:      It lets you see invisible.
   rCorr:     It protects you from acid and corrosion.
   Stlth:     It makes you more stealthy.
 T - a +2 hat (worn)
Jewellery
 d - a ring of protection from cold
 g - the ring "Qyerrial" {Wiz rPois rC- Will++ Dex+3}
   (You took it off a minotaur in a Gauntlet)

   [ring of wizardry]

   It improves your spell success rate.
   Dex:       It affects your dexterity (+3).
   rC:        It makes you vulnerable to cold.
   rPois:     It protects you from poison.
   Will:      It greatly increases your willpower.
 i - a ring of protection from fire
 q - a +4 ring of protection (left hand)
 w - a ring of flight
 y - a +4 ring of protection (right hand)
 C - a +4 ring of evasion
 G - a ring of protection from cold
 K - an amulet of regeneration (around neck)
 R - a ring of wizardry
Wands
 b - a wand of digging (23)
 A - a wand of paralysis (34)
 S - a wand of iceblast (6)
 U - a wand of acid (2)
 V - a wand of mindburst (4)
Scrolls
 f - 10 scrolls of teleportation
 k - 5 scrolls of blinking
 p - 2 scrolls of immolation
 s - 31 scrolls of identify
 t - 11 scrolls of butterflies
 u - a scroll of summoning
 D - 2 scrolls of brand weapon
 E - 8 scrolls of magic mapping
 L - 3 scrolls of enchant armour
 M - 2 scrolls of vulnerability
Potions
 h - 2 potions of cancellation
 l - 2 potions of ambrosia
 n - 9 potions of flight
 z - a potion of invisibility
 B - 3 potions of brilliance
 F - 2 potions of might
 H - 2 potions of curing
 I - 3 potions of mutation
 J - 2 potions of magic
 O - 2 potions of lignification
 W - a potion of heal wounds
Miscellaneous
 N - a tin of tremorstones (2/2)


   Skills:
 + Level 11.3 Fighting
 - Level 12.0 Short Blades
 + Level 17.1 Dodging
 + Level 23.0 Stealth
 + Level 18.5 Spellcasting
 + Level 18.5 Hexes


You had 40 spell levels left.
You knew the following spells:

 Your Spells              Type           Power      Damage    Failure   Level
a - Ensorcelled Hibernat  Hex/Ice        100%       N/A       1%          2
b - Tukima's Dance        Hex            70%        N/A       0%          3
c - Dazzling Flash        Conj/Hex       100%       N/A       1%          3
d - Confusing Touch       Hex            70%        N/A       0%          3
e - Apportation           Tloc           32%        N/A       3%          1
f - Passwall              Tmut/Erth      13%        N/A       4%          2

Your spell library contained the following spells:

 Spells                   Type           Power      Damage    Failure   Level
 Fulminant Prism          Conj/Hex       25%        3d14      1%          4
 Metabolic Englaciation   Hex/Ice        25%        N/A       1%          5
 Silence                  Hex/Air        25%        N/A       1%          5
 Magic Dart               Conj           64%        1d6       3%          1
 Necrotise                Necr           64%        1d7       3%          1
 Sting                    Tmut/Pois      64%        1d6       3%          1
 Summon Small Mammal      Summ           64%        N/A       3%          1
 Call Imp                 Summ           16%        N/A       4%          2
 Poisonous Vapours        Pois/Air       32%        N/A       4%          2
 Searing Ray              Conj           32%        2d5       4%          2
 Static Discharge         Conj/Air       32%        3-5/arc   4%          2
 Sublimation of Blood     Necr           16%        N/A       4%          2
 Wereblood                Tmut           16%        N/A       4%          2
 Frozen Ramparts          Ice            32%        1d5       10%         3
 Gell's Gravitas          Tloc           16%        N/A       10%         3
 Ignite Poison            Fire/Tmut/Pois 16%        N/A       10%         3
 Mephitic Cloud           Conj/Pois/Air  16%        N/A       10%         3
 Swiftness                Air            16%        N/A       10%         3
 Teleport Other           Tloc           16%        N/A       10%         3
 Corpse Rot               Necr/Pois/Air  16%        N/A       32%         4
 Ice Form                 Ice/Tmut       16%        N/A       32%         4
 Iskenderun's Mystic Bla  Conj/Tloc      16%        2d5       32%         4
 Olgreb's Toxic Radiance  Pois           16%        N/A       32%         4
 Passage of Golubria      Tloc           16%        N/A       32%         4
 Petrify                  Tmut/Erth      16%        N/A       32%         4
 Summon Ice Beast         Ice/Summ       16%        N/A       32%         4
 Alistair's Intoxication  Tmut/Pois      10%        N/A       67%         5
 Borgnjor's Vile Clutch   Necr/Erth      8%         N/A       67%         5
 Freezing Cloud           Conj/Ice/Air   8%         6-21      67%         5
 Lightning Bolt           Conj/Air       8%         1d20      67%         5
 Dispersal                Tloc           8%         N/A       99%         6
 Eringya's Noxious Bog    Tmut/Pois      8%         N/A       99%         6
 Starburst                Conj/Fire      8%         6d4       99%         6
 Statue Form              Tmut/Erth      10%        N/A       99%         6
 Summon Hydra             Summ           8%         N/A       100%        7
 Disjunction              Tloc           8%         N/A       100%        8
 Lehudib's Crystal Spear  Conj/Erth      8%         10d3      100%        8
 Maxwell's Capacitive Co  Air            8%         ∞         100%        8


Dungeon Overview and Level Annotations

Branches:
Dungeon (15/15)            Temple (1/1) D:4            Lair (5/5) D:10
 Shoals (4/4) Lair:2        Snake (4/4) Lair:3        Slime (0/5) Lair:5
    Orc (2/2) D:11            Elf (1/3) Orc:2        Vaults (0/5) D:14
 Depths (1/4) D:15        Gauntlet (visited)

Altars:
Cheibriados
Dithmenos
Elyvilon
Fedhas
Gozag
Hepliaklqana
Vehumet
Xom
Jiyva
Lugonu

Shops:
D:5 ?   D:11 =   Orc:1 [   Orc:2 (**[   Depths:1 :=:

Portals:
Abyss: D:10

Annotations:
D:3 2 transporters, jur's ghost, amateur DEEE
D:10 2 runed translucent doors
Snake:3 1 transporter


Innate Abilities, Weirdness & Mutations

You are very small and have problems with some larger weapons.
You are too small for most types of armour.
You have supernaturally acute eyesight. (SInv)
You cover ground extremely quickly. (Speed+++)
You are partially covered in iridescent scales. (AC +2)
Your magical capacity is low. (-10% MP)
Your muscles are strong. (Str +4, Int/Dex -1)
You expend magic power (3 MP) to strengthen your wands.


Message History

No target in view!
No target in view!
Your staff of air falls from the air.
Magic restored.
Things that are here:
a staff of air; a +0 shortbow of flaming; a salamander corpse
Things that are here:
a +0 quarterstaff; a +0 robe; a salamander corpse
Things that are here:
a +3 shortbow of flaming; a salamander skeleton
Items here: )) [[ ÷.
Items here: ))) [ ÷÷.
A salamander tyrant comes into view.
A salamander tyrant comes into view.
The salamander tyrant moves out of view.
A salamander tyrant comes into view.
No reachable target in view!
Found a serpentine rune of Zot.
Casting: Dazzling Flash (safe; 1% risk of failure)
Confirm with . or Enter, or press ? or * to list all spells.
Casting: Dazzling Flash (safe; 1% risk of failure)
Press: ? - help, Dir - look around, f - activate The salamander tyrant calls gouts of flame from the lava!
The flame surge hits you!!
The salamander tyrant gazes fiercely through you!
You feel your attacks grow feeble. The salamander tyrant misses you.
A salamander tyrant comes into view.
Unknown command.
Casting: Dazzling Flash (safe; 1% risk of failure)
Confirm with . or Enter, or press ? or * to list all spells.
Casting: Dazzling Flash (safe; 1% risk of failure)
Press: ? - help, Dir - look around, f - activate The salamander tyrant gazes fiercely through you!
You feel as though you will be weak longer.
The salamander tyrant calls gouts of flame from the lava!
The flame surge hits you!!!
You emit a cloud of dark smoke.
The salamander tyrant calls gouts of flame from the lava!
The flame surge hits you!!!
You die...

##...## ##...)÷####
#..###)...## ##..#
##)...## #≈..## ###)..#
###§≈.§#####|..##
##.≈≈≈.≈§≈≈#.#)#.#
#......§N§§##...## ###
#.≈≈≈≈.§@N≈≈#.#.####. .##
#.≈≈≈≈§§§§§##....##.###.#
#..≈≈§≈≈§§§##.....##..§§.#
#≈§.N§§§§§##...)..#..§...[
#≈§.§.§≈≈.#≈≈)....'.≈≈§§≈)
§≈§φ§....#≈§.....#.§≈§§≈.
≈§§..≈§≈.#≈≈....÷).≈§§≈≈.
≈..≈≈≈≈≈N##).....#..÷.)..
##.....##.....#


You could see 2 salamander tyrants.

Vanquished Creatures
  Rupert (D:12)
  A tengu reaver (D:12)
  3 nagarajas
  2 orc warlords (Orc:2)
  A stone giant (Depths:1)
  An ironbound preserver (D:14)
  3 very ugly things
  A minotaur (Gauntlet)
  A deep elf death mage (Elf:1)
  Snorg (D:12)
  Josephine (Shoals:1)
  2 merfolk impalers
  An ettin (Depths:1)
  A merfolk javelineer (Shoals:3)
  A catoblepas (D:13)
  2 great orbs of eyes
  A merfolk avatar (Shoals:3)
  4 ogre magi (Orc:2)
  A two-headed ogre (shapeshifter) (Elf:1)
  2 boulder beetles
  A rakshasa (D:12)
  18 two-headed ogres
  6 hydras
  17 anacondas
  3 merfolk aquamancers (Shoals:1)
  5 centaur warriors
  A tengu warrior (D:14)
  A satyr (Shoals:2)
  A death yak (Lair:1)
  An orc high priest (Orc:2)
  A vampire mage (D:15)
  2 spriggan berserkers (Depths:1)
  10 naga warriors
  7 shock serpents
  2 deep troll earth magi
  A spriggan (Depths:1)
  5 deep elf knights (Elf:1)
  5 naga sharpshooters
  2 iron trolls (Depths:1)
  A titan skeleton (D:15)
  Amaemon (Lair:3)
  A spark wasp zombie (D:15)
  4 skeletal warriors
  4 salamander mystics
  8 naga ritualists
  5 sea snakes
  A deep troll (Depths:1)
  2 deep elf archers (Elf:1)
  A lindwurm (Lair:5)
  6 harpies
  19 mana vipers
  3 deep elf pyromancers
  A sphinx zombie (D:15)
  A necromancer (D:15)
  An orc knight (Orc:1)
  An oklob plant (Lair:5)
  4 deep elf zephyrmancers (Elf:1)
  An orc sorcerer (Orc:2)
  25 ugly things
  8 manticores
  19 cyclopes
  5 fauns
  3 merfolk sirens (Shoals:2)
  12 salamanders
  12 elephants
  7 guardian serpents
  A frost giant skeleton (D:15)
  13 naga magi
  34 black mambas
  A molten gargoyle (D:12)
  A gargoyle (D:5)
  An orange demon (Lair:3)
  5 water nymphs
  2 torpor snails
  21 cane toads
  7 rime drakes
  A yaktaur (shapeshifter) (D:14)
  12 komodo dragons
  An unseen horror (D:13)
  A freezing wraith (D:15)
  5 trolls
  A meliai (shapeshifter) (D:14)
  3 meliai (D:15)
  3 polar bears
  Grinder (D:6)
  6 wind drakes
  4 tyrant leeches (Lair:5)
  3 hornets
  16 blink frogs
  19 slime creatures
  14 merfolk
  5 dream sheep (Lair:3)
  3 snapping turtles
  A shadow (D:13)
  An air elemental (Elf:1)
  2 centaur simulacra
  10 water elementals
  7 wraiths
  3 vampires
  35 yaks
  4 wyverns
  2 large abominations (Gauntlet)
  Eustachio (D:5)
  5 basilisks
  2 dancing weapons (D:5)
  3 small abominations (Gauntlet)
  A steam dragon (D:6)
  16 vampire mosquitoes
  Menkaure (D:6)
  19 nagas
  4 wargs
  2 acid dragons
  4 ice beasts
  18 water moccasins
  2 sky beasts
  18 orc warriors
  2 black bears
  8 wolves
  25 ogres
  3 centaurs
  5 phantoms
  4 kobold brigands
  17 bullfrogs
  A necrophage (D:6)
  4 gnoll sergeants
  An earth elemental (Elf:1)
  3 scorpions
  8 wights
  4 killer bees (D:11)
  5 howler monkeys
  An electric eel (Lair:5)
  4 crimson imps (D:14)
  14 orc priests
  6 hounds
  6 jellies
  A gnoll bouda (D:5)
  6 iguanas
  11 orc wizards
  13 gnolls
  4 adders
  A shadow imp (Gauntlet)
  2 white imps (D:5)
  3 ufetubi
  3 worms
  A dart slug (D:5)
  46 orcs
  4 ball pythons
  4 bats
  8 endoplasms
  6 giant cockroaches
  7 goblins
  3 hobgoblins (D:1)
  2 jackals (D:4)
  14 kobolds
  3 quokkas
  5 frilled lizards
  3 rats
892 creatures vanquished.

Vanquished Creatures (collateral kills)
  3 two-headed ogres (Orc:2)
  A tengu warrior (D:14)
  A harpy (Shoals:2)
  2 fauns (Shoals:2)
  2 deep elf pyromancers (Elf:1)
  A salamander (Snake:4)
  A merfolk (Shoals:1)
  A naga (Snake:2)
  2 orc warriors
  2 ogres (Orc:2)
  A bullfrog (D:7)
  6 wights
  An orc priest (D:9)
  Crazy Yiuf (D:2)
  An orc wizard (Orc:2)
  5 gnolls
  4 orcs
  A kobold (D:7)
36 creatures vanquished.

Vanquished Creatures (others)
  33 dancing weapons
  A naga (Snake:4)
  An orc wizard (D:10)
  2 orcs (Orc:2)
  A fire vortex (D:12)
  20 fungi
  90 plants
  3 toadstools (D:7)
  10 withered plants
161 creatures vanquished.

Grand Total: 1089 creatures vanquished

Notes
Turn   | Place    | Note
-------+----------+-------------------------------------------
     0 | D:1      | Pendel the Spriggan Enchanter began the quest for the Orb.
     0 | D:1      | Reached XP level 1. HP: 9/9 MP: 5/5
   222 | D:1      | Found a faded altar of an unknown god.
   243 | D:1      | Reached XP level 2. HP: 6/13 MP: 7/7
   251 | D:1      | Learned a level 2 spell: Ensorcelled Hibernation
  1573 | D:1      | Reached XP level 3. HP: 15/16 MP: 9/9
  1577 | D:1      | Learned a level 3 spell: Tukima's Dance
  1581 | D:1      | Learned a level 3 spell: Confusing Touch
  1932 | D:2      | Gained mutation: You are frail. (-10% HP) [potion of
                  | mutation]
  2778 | D:2      | Found a runed translucent door.
  2779 | D:2      | Noticed Crazy Yiuf
  2791 | D:2      | Killed Crazy Yiuf
  2792 | D:2      | Reached skill level 5 in Hexes
  2792 | D:2      | Reached XP level 4. HP: 13/18 MP: 1/11
  3204 | D:3      | Noticed a phantom
  3256 | D:3      | Killed a phantom
  3257 | D:3      | Reached skill level 5 in Spellcasting
  3257 | D:3      | Reached XP level 5. HP: 8/21 MP: 8/13
  3519 | D:3      | Found a transporter.
  3519 | D:3      | Noticed jur's ghost (amateur DEEE)
  3546 | D:3      | Found a transporter.
  3957 | D:4      | Found a hazy altar of Hepliaklqana.
  4091 | D:4      | Reached skill level 5 in Stealth
  4091 | D:4      | Reached XP level 6. HP: 25/25 MP: 12/15
  4407 | D:4      | Found a blossoming altar of Fedhas.
  4538 | D:4      | Found a staircase to the Ecumenical Temple.
  4552 | Temple   | Entered the Ecumenical Temple
  4667 | Temple   | Became a worshipper of Dithmenos the Shadowed
  4819 | D:5      | Entered Level 5 of the Dungeon
  4833 | D:5      | Learned a level 3 spell: Dazzling Flash
  5166 | D:5      | Reached skill level 6 in Stealth
  5184 | D:5      | Lost mutation: You are frail. (-10% HP) [potion of
                  | mutation]
  5184 | D:5      | Gained mutation: Armour fits poorly on your strangely
                  | shaped body. [potion of mutation]
  5550 | D:5      | Reached XP level 7. HP: 32/32 MP: 12/17
  5596 | D:5      | Noticed a gargoyle
  5719 | D:5      | Noticed a vampire mosquito
  5814 | D:6      | Noticed a steam dragon
  6037 | D:6      | Noticed Menkaure
  6050 | D:6      | Killed Menkaure
  6088 | D:6      | Reached skill level 7 in Stealth
  6275 | D:5      | Killed a vampire mosquito
  6279 | D:5      | Reached skill level 8 in Stealth
  6279 | D:5      | Reached XP level 8. HP: 26/36 MP: 15/20
  6690 | D:5      | Noticed Eustachio
  6739 | D:5      | Killed Eustachio
  7296 | D:5      | Noticed a two-headed ogre
  7299 | D:5      | Reached skill level 9 in Stealth
  7343 | D:5      | Killed a two-headed ogre
  7344 | D:5      | Reached skill level 10 in Stealth
  7373 | D:5      | Reached * piety under Dithmenos
  7374 | D:5      | Reached XP level 9. HP: 17/39 MP: 8/23
  7562 | D:5      | Found Xioph's Magic Scroll Shop.
  7576 | D:5      | Bought 2 scrolls of noise for 22 gold pieces
  7576 | D:5      | Bought a scroll of brand weapon for 104 gold pieces
  7576 | D:5      | Bought a scroll of identify for 22 gold pieces
  7576 | D:5      | Bought a scroll of identify for 22 gold pieces
  7576 | D:5      | Bought a scroll of identify for 22 gold pieces
  7576 | D:5      | Bought a scroll of identify for 22 gold pieces
  8224 | D:6      | Reached skill level 11 in Stealth
  8242 | D:6      | Noticed Grinder
  8267 | D:6      | Killed Grinder
  8277 | D:6      | Reached skill level 10 in Hexes
  8573 | D:6      | Reached skill level 10 in Spellcasting
  8918 | D:5      | Killed a gargoyle
  8919 | D:5      | Reached skill level 12 in Stealth
  9612 | D:7      | Reached XP level 10. HP: 33/44 MP: 25/25
  9885 | D:7      | Reached ** piety under Dithmenos
 10162 | D:7      | Reached skill level 1 in Fighting
 10912 | D:8      | Reached skill level 13 in Stealth
 11168 | D:8      | Noticed a cyclops
 11172 | D:8      | Killed a cyclops
 11745 | D:9      | Identified the +0 chain mail "Jaca" {rN+ Will+ Int+5}
 11788 | D:9      | Reached *** piety under Dithmenos
 11801 | D:9      | Reached skill level 5 in Dodging
 11946 | D:9      | Reached XP level 11. HP: 41/51 MP: 11/27
 12327 | D:10     | Entered Level 10 of the Dungeon
 12646 | D:10     | Found a staircase to the Lair.
 12737 | D:10     | Reached skill level 14 in Stealth
 12848 | D:10     | Found a large runed translucent door.
 12876 | D:10     | Found a large runed translucent door.
 12876 | D:10     | Found a corrupted altar of Lugonu.
 12891 | D:10     | Noticed a brown ugly thing
 13027 | D:10     | Found a one-way gate to the infinite horrors of the Abyss.
 13027 | D:10     | Identified the +2 robe of Polish {Str+2 Archmagi}
 13057 | D:10     | Noticed a two-headed ogre
 13063 | D:10     | Killed a two-headed ogre
 13747 | D:11     | Reached skill level 5 in Short Blades
 13764 | D:11     | Reached **** piety under Dithmenos
 13867 | D:11     | Noticed a two-headed ogre
 13868 | D:11     | Lost mutation: Armour fits poorly on your strangely shaped
                  | body. [potion of mutation]
 13868 | D:11     | Gained mutation: Your spells are a little harder to cast,
                  | but a little more powerful. [potion of mutation]
 13868 | D:11     | Gained mutation: You occasionally lose the ability to drink
                  | potions when taking damage. [potion of mutation]
 13868 | D:11     | Gained mutation: You are partially covered in iridescent
                  | scales. (AC +2) [potion of mutation]
 13874 | D:11     | Killed a two-headed ogre
 13920 | D:11     | Found Bifacs's Jewellery Shop.
 13921 | D:11     | Noticed a seven-headed hydra
 13926 | D:11     | Killed a seven-headed hydra
 14260 | D:11     | Found a staircase to the Orcish Mines.
 14396 | D:12     | Noticed a rakshasa
 14397 | D:12     | Noticed a white very ugly thing
 14400 | D:12     | Killed a rakshasa
 14401 | D:12     | Reached skill level 15 in Stealth
 14422 | D:12     | Killed a white very ugly thing
 14435 | D:12     | Reached XP level 12. HP: 58/58 MP: 26/29
 14484 | D:12     | Noticed a great orb of eyes
 14526 | D:12     | Killed a great orb of eyes
 14628 | D:12     | Noticed Rupert
 14651 | D:12     | Killed Rupert
 14720 | D:12     | Noticed a two-headed ogre
 14727 | D:12     | Killed a two-headed ogre
 15009 | D:12     | Identified the +7 hand axe "Orb Guardian's Peril" {drain,
                  | rF+ Str+4}
 15056 | D:12     | Noticed Snorg
 15062 | D:12     | Killed Snorg
 15063 | D:12     | Reached skill level 5 in Fighting
 15296 | D:12     | Noticed a two-headed ogre
 15297 | D:12     | Noticed a deep troll earth mage
 15297 | D:12     | Noticed a tengu reaver
 15303 | D:12     | Killed a two-headed ogre
 15306 | D:12     | Killed a tengu reaver
 15310 | D:12     | Killed a deep troll earth mage
 15480 | D:13     | Reached skill level 16 in Stealth
 15666 | D:13     | Noticed a six-headed hydra
 15677 | D:13     | Killed a six-headed hydra
 16045 | D:13     | Noticed a boulder beetle
 16059 | D:13     | Killed a boulder beetle
 16232 | D:13     | Noticed a catoblepas
 16237 | D:13     | Killed a catoblepas
 16238 | D:13     | Reached XP level 13. HP: 60/65 MP: 26/31
 16605 | D:14     | Found a shimmering altar of Xom.
 16939 | D:14     | Lost mutation: You are partially covered in iridescent
                  | scales. (AC +2) [potion of mutation]
 16939 | D:14     | Lost mutation: You occasionally lose the ability to drink
                  | potions when taking damage. [potion of mutation]
 16939 | D:14     | Lost mutation: Your spells are a little harder to cast, but
                  | a little more powerful. [potion of mutation]
 16939 | D:14     | Gained mutation: You expend magic power (3 MP) to
                  | strengthen your wands. [potion of mutation]
 16939 | D:14     | Gained mutation: You are partially covered in iridescent
                  | scales. (AC +2) [potion of mutation]
 16939 | D:14     | Gained mutation: Your muscles are strong. (Str +4, Int/Dex
                  | -1) [potion of mutation]
 17012 | D:14     | Reached skill level 10 in Dodging
 17266 | D:14     | Found a gate to the Vaults.
 17266 | D:14     | Noticed an ironbound preserver
 17272 | D:14     | Reached skill level 17 in Stealth
 17274 | D:14     | Killed an ironbound preserver
 17769 | D:14     | HP: 3/65 [centaur warrior/arrow (13)]
 18784 | Lair:1   | Entered Level 1 of the Lair of Beasts
 19075 | Lair:1   | Reached ***** piety under Dithmenos
 19095 | Lair:1   | Reached XP level 14. HP: 70/70 MP: 21/33
 19437 | Lair:1   | Identified the +5 leather armour "Wutry" {rN++ Stlth-}
 20305 | Lair:2   | Reached skill level 18 in Stealth
 20566 | Lair:2   | Found a staircase to the Shoals.
 20884 | Lair:3   | Noticed Amaemon
 20891 | Lair:3   | Killed Amaemon
 21078 | Lair:3   | Found a staircase to the Snake Pit.
 22643 | Lair:4   | Reached skill level 15 in Hexes
 22687 | Lair:4   | Reached skill level 10 in Short Blades
 23176 | Lair:4   | Reached skill level 15 in Spellcasting
 23518 | Lair:4   | Found a runed translucent door.
 23721 | Lair:5   | Entered Level 5 of the Lair of Beasts
 24163 | Lair:5   | Reached ****** piety under Dithmenos
 24264 | Lair:5   | Reached XP level 15. HP: 77/77 MP: 25/35
 24307 | Lair:5   | Reached skill level 19 in Stealth
 25102 | Lair:5   | Found a viscous altar of Jiyva.
 25104 | Lair:5   | Found a staircase to the Slime Pits.
 25462 | Orc:1    | Entered Level 1 of the Orcish Mines
 25619 | Orc:2    | Entered Level 2 of the Orcish Mines
 25646 | Orc:2    | Noticed an orc warlord
 25650 | Orc:2    | Found a flickering gateway to a bazaar.
 25663 | Bazaar   | Entered a bazaar
 25668 | Bazaar   | Found Ekhlubru's Weapon Shoppe.
 25677 | Bazaar   | Found Ixzar's Weapon Boutique.
 25677 | Bazaar   | Found Tuhiruc's General Store.
 25686 | Bazaar   | Found Miurhu Ecwu's Weapon Emporium.
 25805 | Orc:2    | Found a gate leading to a gauntlet.
 25814 | Gauntlet | Entered a Gauntlet
 25814 | Gauntlet | Found a transporter.
 25823 | Gauntlet | Found a transporter.
 25838 | Gauntlet | Found a transporter.
 25843 | Gauntlet | Found a transporter.
 25858 | Gauntlet | Found a transporter.
 25867 | Gauntlet | Found the ring of the Octopus King
 25877 | Gauntlet | Found a transporter.
 25889 | Gauntlet | Found a transporter.
 25901 | Gauntlet | Found a transporter.
 25913 | Gauntlet | Found a transporter.
 25925 | Gauntlet | Found a transporter.
 25942 | Gauntlet | Found a transporter.
 25962 | Gauntlet | Found a transporter.
 26000 | Gauntlet | Found a transporter.
 26075 | Gauntlet | Found a transporter.
 26102 | Gauntlet | Found a transporter.
 26122 | Gauntlet | Found a transporter.
 26137 | Gauntlet | Found a transporter.
 26141 | Gauntlet | Found a transporter.
 26205 | Gauntlet | Identified the +1 pair of gloves of Distant Shores {Int+3
                  | Stlth+}
 26360 | Gauntlet | Identified the +1 hat of Whack-A-Mole {rElec Str+2 Dex-5
                  | SInv}
 26376 | Gauntlet | Identified the +5 robe of the Dropbear {rCorr Str-2 SInv
                  | Stlth+}
 26376 | Gauntlet | Identified the ring "Qyerrial" {Wiz rPois rC- Will++ Dex+3}
 26427 | Gauntlet | Identified the +1 pair of gloves of Baldness {rElec}
 26463 | Orc:2    | Killed an orc warlord
 26740 | Orc:2    | Found Fudud's Armour Emporium.
 26740 | Orc:2    | Found Setusk's Assorted Antiques.
 26740 | Orc:2    | Found Baidghas's General Store.
 26740 | Orc:2    | Found Zaxtouni's Weapon Shoppe.
 26790 | Orc:2    | Gained mutation: Your magical capacity is low. (-10% MP) [a
                  | neqoxec]
 27121 | Orc:2    | Noticed an orc warlord
 27159 | Orc:2    | Killed an orc warlord
 27373 | Orc:2    | Found a staircase to the Elven Halls.
 27816 | Orc:1    | Found Venkoq's Armour Emporium.
 28059 | Orc:2    | Bought a potion of curing for 84 gold pieces
 28059 | Orc:2    | Bought a scroll of enchant weapon for 210 gold pieces
 28059 | Orc:2    | Bought a potion of magic for 224 gold pieces
 28062 | Orc:2    | Bought a potion of curing for 48 gold pieces
 28194 | D:15     | Entered Level 15 of the Dungeon
 28217 | D:15     | Found a staircase to the Depths.
 28616 | D:15     | Reached skill level 20 in Stealth
 28722 | D:15     | HP: 3/79 [spore (17)]
 28723 | D:15     | Reached XP level 16. HP: 3/84 MP: 19/33
 29067 | Snake:1  | Entered Level 1 of the Snake Pit
 31935 | Snake:3  | Found a transporter.
 31936 | Snake:3  | Found a radiant altar of Vehumet.
 31959 | Snake:3  | Reached skill level 21 in Stealth
 31962 | Snake:3  | Reached skill level 15 in Dodging
 32687 | Shoals:1 | Entered Level 1 of the Shoals
 32805 | Shoals:1 | Reached skill level 10 in Fighting
 32823 | Shoals:1 | Noticed Josephine
 32825 | Shoals:1 | Killed Josephine
 32864 | Shoals:1 | HP: 4/85 [drowned by a water elemental[a merfolk
                  | aquamancer] (11)]
 33367 | Shoals:1 | Identified the amulet "Arad" {Faith +Inv Str+7}
 33396 | Shoals:1 | Reached XP level 17. HP: 89/89 MP: 35/35
 33778 | Shoals:2 | Learned a level 1 spell: Apportation
 33885 | Shoals:1 | Upgraded the game from 0.30-a0-38-g011bda1208 to
                  | 0.30-a0-39-g42789b21ef
 36130 | Shoals:4 | Entered Level 4 of the Shoals
 36399 | Elf:1    | Entered Level 1 of the Elven Halls
 36421 | Elf:1    | Reached skill level 22 in Stealth
 36737 | Elf:1    | Paralysed by an air elemental for 1 turns
 36743 | Elf:1    | Paralysed by an air elemental for 1 turns
 37482 | Depths:1 | Entered Level 1 of the Depths
 37769 | Depths:1 | Found Loekk's Book Boutique.
 37769 | Depths:1 | Found Pessef's Jewellery Emporium.
 37771 | Depths:1 | Found Ruthrilai's Book Boutique.
 37857 | Depths:1 | Bought a book of Burglary for 300 gold pieces
 37860 | Depths:1 | Learned a level 2 spell: Passwall
 38498 | Snake:4  | Entered Level 4 of the Snake Pit
 39528 | Snake:4  | Reached XP level 18. HP: 96/96 MP: 37/37
 39873 | Snake:4  | Identified the +5 sling of Conscience {vorpal, Int+4 SInv}
 40950 | Snake:4  | Reached skill level 23 in Stealth
 41017 | Snake:4  | Killed from afar by a salamander tyrant

Illustrated notes

Levels and vault maps discovered:
D:1:      erik_arrival_triangle_huge, layout_loops_ring,
          ebering_ecumenical_altar_mist
D:2:      layout_loops_cross, uniq_crazy_yiuf_cottage
D:3:      layout_loops_ring, gammafunk_ghost_stat_death
D:4:      layout_basic, general_overflow_altar, nzn_hepliaklqana_mist_gate,
          temple_fountains, lemuel_another_geyser
D:5:      cheibrodos_fzero, layout_loops_ring, serial_shops, shop_statue,
          minivault_1, uniq_eustachio
D:6:      layout_layer_cave, skrybe_limestone_x, uniq_grinder, uniq_menkaure
D:7:      cheibrodos_fertilizer, layout_gridville, minivault_11
D:8:      layout_basic
D:9:      layout_rooms, chequers_serial_rivers_marsh
D:10:     due_chaos_kobolds, layout_stronghold, lair_entry_dummy
D:11:     layout_basic, david_orc_3, serial_shops, shop
D:12:     minmay_diamond_stairs, layout_cave_pools, kennysheep_crisscross,
          uniq_rupert, uniq_snorg
D:13:     layout_grid_maze, chequers_jeans
D:14:     layout_basic, skrybe_vaults_entry_preservation, fountainhead,
          led_xom_imps
D:15:     gammafunk_depths_entry_grave, layout_cross,
          hangedman_decor_diamond_cutter
Temple:   mainiacjoe_temple_big_plus
Lair:1:   layout_misc_corridors, minmay_shattered_shrine
Lair:2:   layout_loops_ring, minmay_shoals_entry_beasts
Lair:3:   layout_roguey, dummy_snake_entry, lemuel_fruit_fields,
          infiniplex_staircase_pool, uniq_amaemon
Lair:4:   layout_hall_layers, pf_torpor_hydra
Lair:5:   minmay_lair_end_frog_pond, layout_regular_city,
          minmay_slime_entry_oklob_enclosed
Shoals:1: layout_shoals, st_shoals_ruin, uniq_josephine
Shoals:2: layout_shoals, nicolae_shoals_so_close
Shoals:3: layout_shoals
Shoals:4: shoals_end_grunt_ice, layout_shoals, gammafunk_ghost_cemetery
Snake:1:  layout_basic
Snake:2:  layout_rooms, lemuel_fruit_tree
Snake:3:  gammafunk_sealed_library, layout_misc_corridors
Snake:4:  grunt_snake_rune_pools, layout_misc_corridors, grunt_ministairs_11
Orc:1:    layout_diamond_mine, serial_shops, shop, basic_altar
Orc:2:    st_orc_ogre_mass, layout_caves, serial_shops, bzr_entry_gold,
          gauntlet_entry_generic
Elf:1:    eino_elf_arrival_the_gate, layout_loops_corners, serial_shops, shop,
          minmay_elf_necromancy
Depths:1: layout_gridlike, nicolae_hell_entry_hellmouth_sunbeams,
          hangedman_decor_lopped, kennysheep_nub, minislime_mu,
          minmay_shop_grove, serial_bayou_shore_b

Skill      XL: |  1  2  3  4  5  6  7  8  9 10 11 12 13 14 15 16 17 18 |
---------------+-------------------------------------------------------+-----
Spellcasting   | 3 4 5 6 7 9 10 11 12 13 14 15 16 17 18 | 18.5
Hexes          | 4 5 6 7 9 10 11 12 13 14 15 16 17 18 | 18.5
Stealth        | 5 6 8 10 12 13 15 16 17 18 20 21 22 23 | 23.0
Dodging        | 5 7 9 11 12 14 15 16 17 | 17.1
Fighting       | 2 4 5 6 7 9 10 11 | 11.3
Short Blades   | 4 6 7 9 10 11 12 | 12.0

Action                   |  1- 3 |  4- 6 |  7- 9 | 10-12 | 13-15 | 16-18 || total
-------------------------+-------+-------+-------+-------+-------+-------++-------
Melee: Dagger            |   112 |   152 |   204 |   426 |  1121 |  1141 ||  3156
       Punch             |     1 |     2 |     4 |     6 |    11 |    12 ||    36
Throw: Dart              |     4 |       |       |       |       |     2 ||     6
 Cast: Ensorcelled Hiber |    14 |    16 |    35 |    74 |   215 |   138 ||   492
       Tukima's Dance    |     1 |     3 |    10 |    35 |    29 |   105 ||   183
       Confusing Touch   |     1 |     6 |    18 |    16 |    31 |    21 ||    93
       Dazzling Flash    |       |       |       |       |    12 |   110 ||   122
       Apportation       |       |       |       |       |       |     8 ||     8
       Passwall          |       |       |       |       |       |     5 ||     5
Invok: Shadow Step       |       |       |       |     3 |     4 |     7 ||    14
Evoke: Wand              |       |       |       |     4 |    12 |     7 ||    23
       Tin of tremorston |       |       |       |       |     3 |     1 ||     4
  Use: Scroll            |     4 |    11 |     8 |     8 |    10 |    13 ||    54
       Potion            |     1 |     5 |     3 |     5 |    10 |    11 ||    35
 Stab: Sleeping          |    12 |    15 |    24 |    88 |   175 |   149 ||   463
       Distracted        |     1 |     1 |     1 |     4 |     3 |     8 ||    18
       Confused          |       |     1 |    19 |    16 |    30 |    17 ||    83
       Invisible         |       |       |     3 |     1 |    24 |    65 ||    93
Armor: Robe              |    12 |    15 |    28 |    70 |   199 |   194 ||   518
       Skin              |       |    11 |       |       |       |       ||    11
Dodge: Dodged            |    67 |   110 |   165 |   299 |  1041 |  1148 ||  2830

Table legend: (Time is in decaauts)
 A = Elapsed time spent in this place.
 B = Non-inter-level travel time spent in this place.
 C = Inter-level travel time spent in this place.
 D = Time resting spent in this place.
 E = Time spent auto-exploring this place.
 F = Levels seen in this place.
 G = Mean time per level.
                   A        B        C        D        E       F      G
               +--------+--------+--------+--------+--------+-----+--------+
         Total |  31522 |  30102 |   1420 |   3965 |  18909 |  35 |  900.6 |
       Dungeon |  15684 |  15055 |    629 |   2305 |   9893 |  15 | 1045.6 |
        Temple |     87 |     74 |     13 |      0 |     66 |   1 |   87.0 |
          Lair |   5054 |   4814 |    240 |    406 |   3414 |   5 | 1010.8 |
        Shoals |   2949 |   2806 |    143 |    344 |   1612 |   4 |  737.2 |
     Snake Pit |   4703 |   4491 |    212 |    811 |   2430 |   4 | 1175.8 |
  Orcish Mines |   1345 |   1193 |    152 |     40 |    724 |   2 |  672.5 |
   Elven Halls |    715 |    699 |     16 |     46 |    494 |   1 |  715.0 |
        Depths |    515 |    504 |     11 |      0 |     28 |   1 |  515.0 |
        Bazaar |     80 |     80 |      0 |      0 |     64 |   1 |   80.0 |
      Gauntlet |    386 |    386 |      0 |     12 |    181 |   1 |  386.0 |
               +--------+--------+--------+--------+--------+-----+--------+

Top non-repeatable levels by time:
    D:14: 1867 daAuts
     D:5: 1841 daAuts
     D:6: 1815 daAuts
 Snake:4: 1715 daAuts
     D:1: 1492 daAuts
     D:7: 1448 daAuts
Shoals:1: 1379 daAuts
  Lair:3: 1286 daAuts
  Lair:5: 1147 daAuts
 Snake:1: 1084 daAuts
Shoals:2: 1032 daAuts
 Snake:2: 1023 daAuts
  Lair:4: 987 daAuts
    D:13: 955 daAuts
   Orc:2: 954 daAuts
